 Dungeon Crawl Stone Soup version 0.30-a0-358-g0d69a1922f (webtiles) character file.

Game seed: 17516198971992099435

3116 Muataran the Grappler (level 9, -6/92 HPs)
             Began as a Troll Monk on Nov 9, 2022.
             Was a Believer of Makhleb.
             Mangled by a hornet (11 damage)
             ... on level 7 of the Dungeon.
             The game lasted 00:10:47 (5294 turns).

Muataran the Grappler (Troll Monk)                  Turns: 5294, Time: 00:10:48

Health: -6/92      AC:  5    Str: 21    XL:     9   Next: 60%
Magic:  8/8        EV: 10    Int: 10    God:    Makhleb [**....]
Gold:   402        SH:  0    Dex: 12    Spells: 8/8 levels left

rFire   . . .      SeeInvis .      - Unarmed
rCold   + . .      Faith    .    (no shield)
rNeg    . . .      Spirit   .    a - +0 robe
rPois   .          Reflect  .    (helmet restricted)
rElec   .          Harm     .    x - +0 cloak
rCorr   .          Rampage  .    (gloves unavailable)
Will    .....                    (boots unavailable)
Stlth   ++........               (no amulet)
HPRegen 1.15/turn                d - +4 ring of slaying
MPRegen 0.11/turn                i - ring of protection from cold

@: lethally poisoned (-6 -> -13), slowed, very slow
A: large, unfitting armour, claws 3, regeneration 1, shaggy fur 1, tough skin 1
a: Renounce Religion, Minor Destruction


You were on level 7 of the Dungeon.
You worshipped Makhleb.
Makhleb was pleased with you.
You visited 2 branches of the dungeon, and saw 8 of its levels.

You collected 402 gold pieces.

Inventory:

Missiles
 A - 6 silver javelins (quivered)
 D - 2 throwing nets
Armour
 a - a +0 robe (worn)
 x - a +0 cloak (worn)
Jewellery
 c - a ring of fire
 d - a +4 ring of slaying (left claw)
 i - a ring of protection from cold (right claw)
Wands
 e - a wand of polymorph (8)
 m - a wand of flame (10)
 C - a wand of paralysis (5)
Scrolls
 f - a scroll of blinking
 p - a scroll of butterflies {unknown}
 r - a scroll of teleportation {unknown}
 s - a scroll of summoning {unknown}
 t - 3 scrolls of poison {unknown}
 u - 2 scrolls of fear {unknown}
 v - a scroll of magic mapping
 w - 3 scrolls of identify
 y - a scroll of amnesia {unknown}
 B - a scroll of torment
Potions
 b - a potion of ambrosia
 g - a potion of flight {unknown}
 h - a potion of haste {unknown}
 j - 2 potions of magic
 k - a potion of brilliance
 l - 2 potions of attraction {unknown}
 n - a potion of invisibility
 o - 2 potions of heal wounds {unknown}
 q - 4 potions of curing
 z - 2 potions of lignification {unknown}


   Skills:
 + Level 6.5 Fighting
 + Level 4.3 Throwing
 - Level 2.4 Dodging
 - Level 1.0 Stealth
 * Level 10.8 Unarmed Combat


You had 8 spell levels left.
You didn't know any spells.
Your spell library contained the following spells:

 Spells                   Type           Power      Damage    Failure   Level
 Apportation              Tloc           0%         N/A       36%         1
 Necrotise                Necr           0%         1d4       36%         1
 Slow                     Hex            0%         N/A       36%         1
 Summon Small Mammal      Summ           0%         N/A       36%         1
 Confusing Touch          Hex            0%         N/A       75%         3
 Vampiric Draining        Necr           0%         2d6       75%         3


Dungeon Overview and Level Annotations

Branches:
Dungeon (7/15)             Temple (1/1) D:7

Altars:
Ashenzari
Cheibriados
Fedhas
Gozag
Hepliaklqana
Kikubaaqudgha
Makhleb
Nemelex Xobeh
Okawaru
Qazlal
Ru
Sif Muna
Trog
Uskayaw
Vehumet
Wu Jian
Xom
Zin

Annotations:
D:4 1 runed translucent door, Crazy Yiuf


Innate Abilities, Weirdness & Mutations

You are too large for most types of armour.
You have claws for hands.
Your natural rate of healing is unusually fast.
You are covered in fur. (AC +1)
You have tough skin. (AC +1)


Message History

You are more poisoned.
You suddenly lose the ability to move!
The hornet stings you!
You are more poisoned.
You feel as though you will be slow longer.
You can move again.
You miss the hornet.
You feel extremely sick. The hornet stings you!
You feel as though you will be slow longer.
The hornet barely misses you.
You barely miss the hornet.
You feel very sick. The hornet closely misses you. The hornet stings you.
You are more poisoned.
You feel as though you will be slow longer.
Aiming: Paralyse
Press: ? - help, Shift-Dir - straight line, f - hornet
Aim: a hornet (chance to affect: 39%)
The hornet resists with some effort.
You feel extremely sick. The hornet stings you!
* * * LOW HITPOINT WARNING * * *
You are lethally poisoned!
You feel as though you will be slow longer.
The hornet closely misses you.
Aiming: Paralyse
Press: ? - help, Shift-Dir - straight line, f/p - hornet
Aim: a hornet (chance to affect: 39%)
The hornet resists with some effort.
* * * LOW HITPOINT WARNING * * *
You feel extremely sick. The hornet closely misses you.
The hornet barely misses you.
Aiming: Paralyse
Press: ? - help, Shift-Dir - straight line, f/p - hornet
Aim: a hornet (chance to affect: 39%)
The hornet resists with some effort.
* * * LOW HITPOINT WARNING * * *
You feel extremely sick. The hornet stings you!
You die...

## ### ♣♣♣♣ ... ..#
...♣♣ #.# #.# ....♣♣ #.#
#.# .....♣♣ #.# #.######
._....♣ #.# #......#
......♣♣ ##.####......#
.......♣ #.....'@y....+
.....♣.♣ #..##.#......#
...♣♣♣♣♣ #..##.#......#
...♣♣ #..##.#......#
....♣ #............#
#..### #...##...##..#
##...#####...##...##..#
###..................#
#####...........>.....##


You could see a hornet.

Vanquished Creatures
  Joseph (D:7)
  Maggie (D:7)
  Prince Ribbit (D:6)
  Sigmund (D:2)
  Menkaure (D:6)
  Edmund (D:4)
  2 sky beasts (D:7)
  An ice beast (D:6)
  2 orc warriors
  A black bear (D:5)
  A centaur (D:5)
  Blork the orc (D:4)
  6 wights (D:7)
  A howler monkey (D:5)
  5 hounds
  3 orc priests
  Jessica (D:2)
  7 iguanas
  7 orc wizards
  Robin (D:2)
  4 gnolls (D:2)
  7 adders
  A shadow imp (D:6)
  A white imp (D:7)
  A worm (D:4)
  3 dart slugs
  21 orcs
  5 endoplasms
  A giant cockroach (D:1)
  15 hobgoblins
  17 jackals
  11 kobolds
  5 quokkas
  3 ball pythons
  9 bats
  A frilled lizard (D:1)
  14 goblins
  6 rats
170 creatures vanquished.

Notes
Turn   | Place    | Note
-------+----------+-------------------------------------------
     0 | D:1      | Muataran the Troll Monk began the quest for the Orb.
     0 | D:1      | Reached XP level 1. HP: 22/22 MP: 0/0
   146 | D:1      | Reached XP level 2. HP: 29/29 MP: 1/1
   353 | D:1      | Reached XP level 3. HP: 36/36 MP: 2/2
   644 | D:2      | Noticed Sigmund
   678 | D:2      | Noticed Robin
   680 | D:2      | Reached skill level 4 in Unarmed Combat
   690 | D:2      | Killed Robin
   716 | D:2      | Found a faded altar of an unknown god.
   744 | D:2      | Reached XP level 4. HP: 41/45 MP: 3/3
   801 | D:2      | Noticed Jessica
   803 | D:2      | Killed Jessica
  1089 | D:3      | Reached skill level 5 in Unarmed Combat
  1181 | D:3      | Found an iron altar of Okawaru.
  1355 | D:3      | Reached XP level 5. HP: 49/53 MP: 4/4
  1393 | D:3      | Found a hazy altar of Hepliaklqana.
  1678 | D:4      | Noticed Edmund
  1682 | D:4      | Killed Edmund
  1683 | D:4      | Reached XP level 6. HP: 62/62 MP: 5/5
  1763 | D:4      | Identified the +2 falchion of the Valley of Death {freeze,
                  | SInv}
  1827 | D:4      | Identified the +9 short sword "Nenud" {flame, Contam rN+
                  | Will+++ Dex+3}
  2029 | D:4      | Found a glowing silver altar of Zin.
  2101 | D:4      | Noticed Blork the orc
  2111 | D:4      | Killed Blork the orc
  2112 | D:4      | Reached skill level 6 in Unarmed Combat
  2290 | D:5      | Entered Level 5 of the Dungeon
  2347 | D:5      | Reached XP level 7. HP: 37/70 MP: 6/6
  2433 | D:5      | Found an ancient bone altar of Kikubaaqudgha.
  2457 | D:5      | Reached skill level 7 in Unarmed Combat
  2517 | D:5      | Found a hide-covered altar of Uskayaw.
  2750 | D:6      | Noticed Menkaure
  2755 | D:6      | Killed Menkaure
  2756 | D:6      | Reached skill level 5 in Fighting
  2756 | D:6      | Reached skill level 8 in Unarmed Combat
  2803 | D:5      | Reached XP level 8. HP: 44/80 MP: 7/7
  3033 | D:6      | Noticed Prince Ribbit
  3067 | D:7      | Found a broken altar of Ashenzari.
  3120 | D:7      | Reached skill level 1 in Throwing
  3154 | D:7      | Noticed Maggie
  3180 | D:7      | Killed Maggie
  3181 | D:7      | Reached skill level 9 in Unarmed Combat
  3319 | D:7      | Noticed Joseph
  3329 | D:7      | Killed Joseph
  3330 | D:7      | Reached skill level 10 in Unarmed Combat
  3330 | D:7      | Reached XP level 9. HP: 56/89 MP: 8/8
  3501 | D:6      | Killed Prince Ribbit
  3577 | D:7      | Found a blossoming altar of Fedhas.
  3629 | D:7      | Found a staircase to the Ecumenical Temple.
  3644 | Temple   | Entered the Ecumenical Temple
  3681 | Temple   | Became a worshipper of Makhleb the Destroyer
  3681 | Temple   | Reached * piety under Makhleb
  3681 | Temple   | Reached ** piety under Makhleb
  3980 | D:2      | Killed Sigmund
  4511 | D:4      | Found an ornate altar of the Wu Jian Council.
  4739 | D:4      | Found a runed translucent door.
  4740 | D:4      | Noticed Crazy Yiuf
  5289 | D:7      | Paralysed by a hornet for 1 turns
  5294 | D:7      | Mangled by a hornet

Illustrated notes

Levels and vault maps discovered:
D:1:      lightli_arrival_noodles, layout_loops_cross,
          hangedman_abyss_or_decor_stabs
D:2:      layout_loops_ring, shapermc_ecumenical_altar_starsandcircs,
          guppyfry_early_orc_mine, uniq_robin, uniq_sigmund, uniq_jessica
D:3:      layout_basic, mainiacjoe_overflow_concentric_impassable,
          lemuel_round_altar
D:4:      layout_basic, mainiacjoe_overflow_alcove_2, lemuel_doored_altar,
          uniq_edmund, uniq_crazy_yiuf_cottage, uniq_blork_the_orc
D:5:      layout_rooms, mainiacjoe_overflow_alcove_4, lemuel_round_altar
D:6:      layout_rooms, uniq_prince_ribbit1, uniq_menkaure
D:7:      layout_basic, fedhas_altar_fruit_tree, ashenzari_altar_1,
          minmay_temple_entry_stoned_glass, uniq_maggie, uniq_joseph
Temple:   eino_temple_lava

Skill      XL: |  1  2  3  4  5  6  7  8  9 |
---------------+----------------------------+-----
Unarmed Combat | 4 5 6 8 10 | 10.8
Fighting       | 3 4 5 6 |  6.5
Throwing       | 3 4 |  4.3
Dodging        | |  2.4
Stealth        | |  1.0

Action                   |  1- 3 |  4- 6 |  7- 9 || total
-------------------------+-------+-------+-------++-------
Melee: Unarmed           |    96 |    75 |   231 ||   402
       Punch             |     2 |     4 |    12 ||    18
Evoke: Wand              |       |       |     8 ||     8
  Use: Scroll            |       |     5 |     4 ||     9
       Potion            |       |     1 |       ||     1
 Stab: Sleeping          |     4 |     3 |       ||     7
       Invisible         |       |     1 |       ||     1
Armor: Robe              |    32 |    15 |    72 ||   119
Dodge: Dodged            |    40 |    36 |   102 ||   178

Table legend: (Time is in decaauts)
 A = Elapsed time spent in this place.
 B = Non-inter-level travel time spent in this place.
 C = Inter-level travel time spent in this place.
 D = Time resting spent in this place.
 E = Time spent auto-exploring this place.
 F = Levels seen in this place.
 G = Mean time per level.
                   A        B        C        D        E       F      G
               +--------+--------+--------+--------+--------+-----+--------+
         Total |   5248 |   4797 |    451 |    138 |   3626 |   8 |  656.0 |
       Dungeon |   5201 |   4758 |    443 |    138 |   3626 |   7 |  743.0 |
        Temple |     46 |     38 |      8 |      0 |      0 |   1 |   46.0 |
               +--------+--------+--------+--------+--------+-----+--------+

Top non-repeatable levels by time:
     D:4: 1106 daAuts
     D:3: 859 daAuts
     D:7: 710 daAuts
     D:2: 692 daAuts
     D:5: 668 daAuts
     D:1: 662 daAuts
     D:6: 501 daAuts
  Temple: 46 daAuts
